 Dungeon Crawl Stone Soup version 0.31.0-11-ge490571c62 (webtiles) character file.

Game seed: 9164647505372828290

933 Sobieck the Cutter (level 8, -3/42 HPs)
             Began as a Vine Stalker Shapeshifter on Jan 29, 2024.
             Slain by a yak (11 damage)
             ... on level 5 of the Dungeon.
             The game lasted 00:04:40 (4126 turns).

Sobieck the Cutter (Vine Stalker Shapeshifter)      Turns: 4126, Time: 00:04:41

Health: -3/42      AC:  2    Str: 17    XL:     8   Next: 11%
Magic:  0/9        EV: 12    Int: 10    God:
Gold:   199        SH:  0    Dex: 16    Spells: 7/7 levels left

rFire   . . .        m - +0 quick blade
rCold   + . .        (no shield)
rNeg    . . .        a - +0 animal skin
rPois   .            (helmet currently unavailable)
rElec   .            (cloak currently unavailable)
rCorr   .            (gloves currently unavailable)
SInv    .            (boots currently unavailable)
Will    +....        (no amulet)
Stlth   +            c - ring of protection from cold
HPRegen 1.07/turn    A - ring of flight
MPRegen 0.11/turn

%: guardian spirit
@: beast-form, flying
A: beast (slay +1), fangs 3, regeneration 1, magic shield, antimagic bite, no
potion heal 2
a: Begin Untransformation


You were on level 5 of the Dungeon.
You were a hulking beast.
You visited 2 branches of the dungeon, and saw 6 of its levels.

You collected 199 gold pieces.

Inventory:

Hand Weapons
 b - a +0 sling
 m - a +0 quick blade (weapon)
 t - the +4 dagger "Wepucs" {freeze, rN+ Str+2}
   (You found it on level 3 of the Dungeon)

   Str+2:     It affects your strength (+2).
   rN+:       It protects you from negative energy.
Armour
 a - a +0 animal skin (worn)
 p - a +0 helmet
Magical Staves
 i - a staff of conjuration
Jewellery
 c - a ring of protection from cold (left hand)
 s - a ring of ice
 A - a ring of flight (right hand)
Talismans
 d - a flux talisman
 y - a beast talisman
Wands
 o - a wand of roots (8)
 z - a wand of quicksilver (6)
Scrolls
 e - 2 scrolls of teleportation {unknown}
 g - 2 scrolls of enchant armour {unknown}
 j - 3 scrolls of vulnerability {unknown}
 n - 2 scrolls of identify {unknown}
 q - a scroll of amnesia {unknown}
 u - a scroll of fog {unknown}
 v - a scroll of blinking {unknown}
Potions
 f - 2 potions of brilliance
 h - a potion of attraction {unknown}
 k - 4 potions of curing {unknown}
 r - 2 potions of invisibility {unknown}
 w - 3 potions of degeneration {unknown}
 x - a potion of enlightenment {unknown}
 B - a potion of heal wounds {unknown}
 C - a potion of haste {unknown}


   Skills:
 + Level 4.8 Fighting
 * Level 6.2 Short Blades
 - Level 1.5 Dodging
 - Level 3.6 Unarmed Combat
 - Level 3.0 Shapeshifting


You had 7 spell levels left.
You didn't know any spells.
Your spell library was empty.

Dungeon Overview and Level Annotations

Branches:
Dungeon (5/15)             Temple (1/1) D:4

Altars:
Ashenzari
Cheibriados
Dithmenos
Elyvilon
Fedhas
Kikubaaqudgha
Qazlal
Ru
Sif Muna
Uskayaw
Vehumet
Xom
Yredelemnul
Zin
The Shining One


Innate Abilities, Weirdness & Mutations

You are a hulking beast.
Your limbs bulge with bestial killing power. (Slay +1)
You have razor-sharp teeth.
Your natural rate of healing is unusually fast.
When hurt, damage is shared between your health and your magic reserves.
Your bite disrupts and absorbs the magic of your enemies.
Potions cannot restore your health.


Message History

Unknown command.
You hit the yak but do no damage. You hit the yak.
The yak is heavily wounded.
Your transformation is almost over.
You barely miss the yak. You hit the yak but do no damage.
The yak is heavily wounded.
The yak gores you but does no damage.
You hit the yak. x2
The yak is severely wounded.
The yak gores you but does no damage.
You hit the yak but do no damage. You barely miss the yak.
The yak is severely wounded.
The yak gores you!
* * * LOW HITPOINT WARNING * * *
You hit the yak but do no damage. You barely miss the yak. You punch the yak.
The yak is severely wounded.
The yak gores you but does no damage.
You hit the yak but do no damage. You barely miss the yak.
The yak is severely wounded.
The yak gores you but does no damage.
Unknown command.
You hit the yak but do no damage. You hit the yak.
The yak is severely wounded.
The yak gores you!
* * * LOW HITPOINT WARNING * * *
You hit the yak but do no damage. You barely miss the yak.
The yak is severely wounded.
The yak gores you but does no damage.
Unknown command.
You hit the yak but do no damage. You hit the yak.
The yak is severely wounded.
You hit the yak. x2
The yak is almost dead.
The yak gores you but does no damage.
Unknown command.
You hit the yak. You barely miss the yak.
The yak is almost dead.
The yak gores you!
* * * LOW HITPOINT WARNING * * *
You hit the yak. You hit the yak but do no damage.
The yak is almost dead.
You feel less wooden.
Your +0 animal skin unmelds from your body.
You turn into a hulking beast.
The yak barely misses you.
Unknown command.
You barely miss the yak. You punch the yak, but do no damage.
You hit the yak but do no damage. Your bite misses the yak.
The yak is almost dead.
The yak gores you!
You die...

#.# #.# #.# #.# ####.###.#
.........#
####.###.############### #
#.###...............####.##
#
#..##.#########............
#
##.#.#.#########.###.####.#
###.###.........hYY#
#........ ...##
##.########### #..Y.....
##..###.###### #....!...
#.#.#.......# #.....s..
#.##.###.##.# #Y.......
#.##.###.##.# #.......#
#.##.##...#.# #.......#
#.####.#.#### #.###.#.##.##


You could see 2 yaks.

Vanquished Creatures
  2 yaks (D:5)
  Eustachio (D:5)
  2 phantoms (D:5)
  2 scorpions
  A bombardier beetle (D:4)
  A hound (D:5)
  3 iguanas (D:5)
  3 adders
  2 ribbon worms
  2 dart slugs
  8 orcs
  5 ball pythons
  7 bats
  3 endoplasms
  A goblin (D:1)
  6 hobgoblins
  5 jackals
  3 quokkas
  7 frilled lizards
  5 kobolds
  3 rats (D:3)
72 creatures vanquished.

Notes
Turn   | Place    | Note
-------+----------+-------------------------------------------
     0 | D:1      | Sobieck the Vine Stalker Shapeshifter began the quest for
                  | the Orb.
     0 | D:1      | Reached XP level 1. HP: 9/9 MP: 2/2
   119 | D:1      | Reached skill level 1 in Fighting
   236 | D:1      | Reached XP level 2. HP: 12/14 MP: 3/3
   262 | D:1      | You fall into a shaft and drop 1 floor!
   896 | D:2      | Reached XP level 3. HP: 18/18 MP: 4/4
  1065 | D:2      | Reached skill level 1 in Short Blades
  1125 | D:2      | Found a faded altar of an unknown god.
  1739 | D:3      | Identified the +4 dagger "Wepucs" {freeze, rN+ Str+2}
  2613 | D:4      | Reached skill level 2 in Short Blades
  2613 | D:4      | Reached XP level 4. HP: 23/23 MP: 5/5
  2622 | D:4      | Found a staircase to the Ecumenical Temple.
  2628 | D:4      | Noticed a scorpion
  2641 | D:4      | Killed a scorpion
  2642 | D:4      | Reached XP level 5. HP: 22/27 MP: 6/6
  2648 | Temple   | Entered the Ecumenical Temple
  2772 | D:4      | Reached skill level 3 in Short Blades
  3054 | D:4      | Found a sacrificial altar of Ru.
  3612 | D:5      | Entered Level 5 of the Dungeon
  3618 | D:5      | Noticed a phantom
  3628 | D:5      | Killed a phantom
  3629 | D:5      | Reached skill level 3 in Fighting
  3629 | D:5      | Reached XP level 6. HP: 24/32 MP: 7/7
  3705 | D:5      | Reached skill level 4 in Short Blades
  3778 | D:5      | Noticed Eustachio
  3837 | D:5      | Killed Eustachio
  3838 | D:5      | Reached XP level 7. HP: 21/37 MP: 6/8
  3919 | D:5      | Reached skill level 5 in Short Blades
  4022 | D:5      | Noticed a yak
  4022 | D:5      | Noticed a yak
  4022 | D:5      | Noticed a yak
  4023 | D:5      | Noticed a yak
  4076 | D:5      | Killed a yak
  4101 | D:5      | Killed a yak
  4102 | D:5      | Reached skill level 6 in Short Blades
  4102 | D:5      | Gained mutation: You have razor-sharp teeth. [Vine Stalker
                  | growth]
  4102 | D:5      | Reached XP level 8. HP: 34/42 MP: 9/9
  4126 | D:5      | Slain by a yak

Illustrated notes

Levels and vault maps discovered:
D:1:      lemuel_arrival_muddy, layout_basic
D:2:      layout_loops_ring, shapermc_ecumenical_altar_ellora
D:3:      layout_loops_corners, roderic_serpentine_path, kennysheep_minor_cross
D:4:      layout_basic, nicolae_ru_sacrificial_ziggurat,
          minmay_temple_entry_waves, st_stairs_7
D:5:      minmay_inner_zag, layout_loops_ring, uniq_eustachio
Temple:   jpeg_temple_clearing

Skill      XL: |  1  2  3  4  5  6  7 |
---------------+----------------------+-----
Fighting       | 1 2 3 4 |  4.8
Short Blades   | 2 3 4 6 |  6.2
Dodging        | |  1.5
Unarmed Combat | |  3.6
Shapeshifting  | |  3.0

Action                     |  1- 3 |  4- 6 |  7- 9 || total
---------------------------+-------+-------+-------++-------
  Melee: Unarmed           |    31 |       |       ||    31
         Bite              |    26 |    43 |    23 ||    92
         Quick blade       |    57 |   156 |   220 ||   433
         Punch             |     3 |     6 |    11 ||    20
   Fire: Sling             |     1 |       |       ||     1
    Use: Potion            |       |       |     3 ||     3
   Stab: Sleeping          |     3 |       |       ||     3
 Armour: Animal skin       |    26 |    71 |    17 ||   114
         Skin              |       |       |    63 ||    63
  Dodge: Dodged            |    34 |    68 |    22 ||   124
